 Dungeon Crawl Stone Soup version 0.19.0-11-g3fc08b3 (webtiles) character file.

22575 mistymad the Grappler (level 13, -1/121 HPs)
             Began as a Naga Transmuter on Nov 8, 2016.
             Slain by a starcursed mass (8 damage)
             ... while paralysed by accursed screaming
             ... on level 1 of the Abyss.
             The game lasted 00:47:58 (18577 turns).

mistymad the Grappler (Naga Transmuter)            Turns: 18577, Time: 00:47:58

Health: -1/121     AC: 11    Str: 16    XL:     13   Next: 1%
Magic:  20/23      EV:  1    Int: 17    God:
Gold:   575        SH:  0    Dex: 12    Spells: 3 memorised, 15 levels left

rFire  . . .     SeeInvis +       - Unarmed
rCold  . . .     Gourm    .     P - +0 troll leather armour
rNeg   . . .     Faith    .     (shield currently unavailable)
rPois  +         Spirit   .     u - +1 helmet
rElec  .         Reflect  +     s - +2 cloak
rCorr  .         Harm     .     (gloves currently unavailable)
MR     ++...                    (no barding)
Stlth  +.........               H - +5 amulet of reflection
                                D - +2 ring of strength
                                r - ring of protection from magic

@: paralysed, about to teleport, blade hands, very slow
A: see invisible, deformed body, poison resistance, slowness 2, slow metabolism
1, spit poison 1, constrict 1, AC +4
a: Spit Poison, End Transformation


You were on level 1 of the Abyss.
You were not hungry.
You had blades for hands.
You visited 2 branches of the dungeon, and saw 13 of its levels.
You visited the Abyss 1 time.
You also visited: Sewer.

You collected 605 gold pieces.
You spent 30 gold pieces at shops.

Inventory:

Missiles
 a - 162 arrows
 O - 7 javelins of returning (quivered)
Armour
 s - a +2 cloak (worn)
 u - a +1 helmet (worn)
 y - a +0 leather armour of fire resistance
 E - a +2 robe of positive energy
 J - a +2 shield
 K - a +0 pair of gloves (melded)
 P - a +0 troll leather armour (worn)
Jewellery
 e - an uncursed ring of protection from cold
 r - a ring of protection from magic (left scythe-like blade)
 D - a +2 ring of strength (right scythe-like blade)
 H - a +5 amulet of reflection (around neck)
Wands
 x - a wand of acid (6/15)
 B - a wand of acid (5/15)
 F - a wand of digging (7/24)
Scrolls
 g - 2 scrolls of recharging
 n - 6 scrolls of remove curse
 p - 4 scrolls of enchant armour
 q - 2 scrolls of teleportation
 t - 2 scrolls of magic mapping
 A - 3 scrolls of fog
 L - 2 scrolls of amnesia
 M - a scroll of identify
Potions
 f - 2 potions of resistance
 j - 2 potions of cancellation
 k - 4 potions of curing
 m - a potion of magic
 o - a potion of brilliance
 v - 2 potions of cure mutation
 z - 5 potions of flight
 C - a potion of mutation
 G - 2 potions of invisibility
 N - 3 potions of lignification
Books
 c - a book of Changes

   Spells                             Type                      Level
   a - Beastly Appendage              Transmutation                1
   b - Sticks to Snakes               Transmutation                2
   c - Spider Form                    Transmutation/Poison         3
   d - Ice Form                       Ice/Transmutation            4
   e - Blade Hands                    Transmutation                5
Miscellaneous
 I - a phantom mirror
Comestibles
 d - 5 bread rations
 h - 6 meat rations
 i - 7 fruits
 l - 6 beef jerkies
 w - 6 slices of pizza


   Skills:
 + Level 9.1 Fighting
 - Level 1.5 Dodging
 + Level 4.9 Shields
 + Level 12.2 Unarmed Combat
 - Level 6.9 Spellcasting
 + Level 12.1 Transmutations


You had 15 spell levels left.
You knew the following spells:

 Your Spells              Type           Power        Failure   Level  Hunger
a - Blade Hands           Tmut           #####.....   28%         5    #####..
b - Sticks to Snakes      Tmut           #####...     10%         2    None
c - Spider Form           Tmut/Pois      ####......   32%         3    ##.....


Dungeon Overview and Level Annotations

Branches:
Dungeon (12/15)            Temple (1/1) D:4            Lair (0/6) D:8
    Orc (0/2) D:12

Altars:
Ashenzari
Cheibriados
Dithmenos
Elyvilon
Fedhas
Gozag
Hepliaklqana
Kikubaaqudgha
Makhleb
Nemelex Xobeh
Okawaru
Qazlal
Ru
Sif Muna
Trog
Uskayaw
Vehumet
Xom
Yredelemnul
Zin
The Shining One
Beogh
Lugonu

Shops:
D:10 *

Annotations:
D:4 1 exclusion
D:11 1 exclusion


Innate Abilities, Weirdness & Mutations

You cannot wear boots.
Your serpentine skin is tough. (AC +4)
You have supernaturally acute eyesight. (SInv)
Armour fits poorly on your strangely shaped body.
Your system is resistant to poisons. (rPois)
You cover ground very slowly.
You have a slow metabolism.
You can spit poison.
You can use your snake-like lower body to constrict enemies.


Message History

The starcursed mass closely misses you. The starcursed mass engulfs you!
A starcursed mass splits.
You take 11 damage, and have 42/121 hp.
You feel better. You block the starcursed mass's attack.
The starcursed mass barely misses you. The starcursed mass engulfs you.
You regained 3 hp, and now have 45/121 hp.
Unknown command.
The starcursed mass engulfs you! The starcursed mass closely misses you.
A cacophony of accursed wailing tears at your sanity!
* * * LOW HITPOINT WARNING * * *
You suddenly lose the ability to move!
The starcursed mass engulfs you but does no damage.
The starcursed mass engulfs you!
* * * LOW HITPOINT WARNING * * *
The starcursed mass engulfs you!
* * * LOW HITPOINT WARNING * * *
A starcursed mass splits.
The starcursed mass engulfs you.
* * * LOW HITPOINT WARNING * * *
The starcursed mass engulfs you!
You die...

. . . #.. # # ##
..# . . # .## ..
##.# .. ....... #
# #. . X#..### .
#.. .X#..... # #
###.#XX##XX.....##
.....XXX@X#. # .
.#..X#X#XXX..# #..
##..##.#### ## .
..##..#.# ##..#.
####..#...#....#.
# #. ##.#.## ##..#
#.. ... ###.# ##.
###. #.. . .# . #.
.#..#.# #. .#


You could see 15 starcursed masses.

Vanquished Creatures
  Josephine (D:12)
  Erolcha (D:12)
  A centaur warrior (D:11)
  A storm dragon zombie (Abyss:1)
  2 skeletal warriors (D:11)
  2 unseen horrors
  7 hill giants
  2 deep elf magi
  2 cyclopes
  Maurice (D:11)
  A troll (D:12)
  2 two-headed ogres
  A hornet (D:11)
  Prince Ribbit (D:7)
  A hippogriff (D:12)
  4 wraiths (D:11)
  A shadow (D:11)
  A wyvern (D:10)
  A vampire (D:11)
  4 hogs (D:7)
  12 yaks
  A human (D:7)
  A hungry ghost (D:12)
  An ice beast (D:6)
  A water moccasin (D:7)
  5 orc warriors
  Purgy (Sewer)
  2 sky beasts
  6 ogres
  2 phantoms (D:11)
  A necrophage (D:7)
  13 centaurs
  2 crocodiles
  3 big kobolds
  5 bullfrogs
  A wyvern skeleton (D:7)
  7 scorpions
  12 killer bees (D:11)
  20 wights
  3 howler monkeys
  7 crimson imps
  A quasit (D:9)
  3 jellies
  6 hounds
  13 orc priests
  3 bullfrog zombies
  A centaur skeleton (D:12)
  15 orc wizards
  4 bullfrog skeletons
  5 iguanas
  8 worker ants
  2 hound skeletons
  A howler monkey zombie (D:7)
  5 gnolls (D:6)
  11 adders
  A river rat (D:4)
  3 shadow imps
  An ooze (D:1)
  2 worms
  A dart slug (D:1)
  7 leopard geckos
  52 orcs
  4 giant cockroaches
  7 hobgoblins
  20 jackals
  6 quokkas
  5 ball pythons
  6 bats
  12 frilled lizards
  3 goblins
  A jackal skeleton (D:7)
  12 kobolds
  A quokka skeleton (D:7)
  A quokka zombie (D:5)
  11 rats
377 creatures vanquished.

Vanquished Creatures (collateral kills)
  A hill giant (D:10)
  2 hippogriffs
  A yak (D:10)
  2 ogres (D:10)
  A jelly (D:10)
  A bullfrog skeleton (D:10)
  2 gnolls (D:6)
  An adder skeleton (D:6)
  A worm (D:2)
  3 orcs (D:10)
  A giant cockroach (D:2)
  A jackal zombie (D:6)
17 creatures vanquished.

Vanquished Creatures (others)
  An orc (D:10)
  A fungus (D:11)
2 creatures vanquished.

Grand Total: 396 creatures vanquished

Notes
Turn   | Place    | Note
-------+----------+-------------------------------------------
     0 | D:1      | mistymad the Naga Transmuter began the quest for the Orb.
     0 | D:1      | Reached XP level 1. HP: 18/18 MP: 3/3
   496 | D:1      | Reached XP level 2. HP: 25/25 MP: 5/5
   903 | D:2      | Learned a level 2 spell: Sticks to Snakes
   928 | D:2      | Found a shimmering altar of Xom.
  1063 | D:2      | Found a sacrificial altar of Ru.
  1085 | D:2      | Reached XP level 3. HP: 30/31 MP: 4/6
  1153 | D:2      | Learned a level 3 spell: Spider Form
  1781 | D:2      | Reached XP level 4. HP: 36/38 MP: 3/7
  2323 | D:3      | Found an opulent altar of Gozag.
  2659 | D:3      | Found a bloodstained altar of Trog.
  2896 | D:3      | Found a shadowy altar of Dithmenos.
  2907 | D:3      | Noticed a bullfrog
  2916 | D:3      | Killed a bullfrog
  2916 | D:3      | Reached XP level 5. HP: 36/44 MP: 5/9
  3252 | D:4      | Reached XP level 6. HP: 41/51 MP: 0/10
  3381 | D:4      | Found a staircase to the Ecumenical Temple.
  3418 | D:4      | Reached skill level 5 in Unarmed Combat
  3454 | D:4      | Reached skill level 5 in Transmutations
  3465 | D:4      | Reached XP level 7. HP: 29/57 MP: 3/11
  3577 | D:4      | Found a glowing drain.
  3597 | Sewer    | Entered a sewer
  3698 | Sewer    | Noticed Purgy
  3710 | Sewer    | Killed Purgy
  4427 | Temple   | Entered the Ecumenical Temple
  4508 | D:5      | Entered Level 5 of the Dungeon
  5510 | D:6      | Reached XP level 8. HP: 64/64 MP: 8/12
  5619 | D:5      | HP: 2/64 [centaur (7)]
  6485 | D:6      | Found an iron altar of Okawaru.
  6665 | D:5      | Reached XP level 9. HP: 24/70 MP: 3/13
  7361 | D:6      | Found a stormy altar of Qazlal.
  7578 | D:6      | Learned a level 5 spell: Blade Hands
  8628 | D:7      | Reached XP level 10. HP: 31/85 MP: 2/16
  8973 | D:7      | Found an opulent altar of Gozag.
  8980 | D:7      | Found an ancient bone altar of Kikubaaqudgha.
  8980 | D:7      | Found a white marble altar of Elyvilon.
  8984 | D:7      | Found a snail-covered altar of Cheibriados.
  8984 | D:7      | Found a burning altar of Makhleb.
  9002 | D:7      | Noticed Prince Ribbit
  9027 | D:7      | Killed Prince Ribbit
  9473 | D:8      | Found a hazy altar of Hepliaklqana.
  9645 | D:8      | Reached skill level 5 in Spellcasting
  9914 | D:8      | Found a staircase to the Lair.
 10232 | D:8      | Found a shattered altar of Ashenzari.
 10288 | D:9      | Noticed a hill giant
 10307 | D:9      | Killed a hill giant
 10968 | D:9      | Reached skill level 5 in Fighting
 11141 | D:9      | Reached skill level 10 in Unarmed Combat
 11640 | D:10     | Entered Level 10 of the Dungeon
 11640 | D:10     | Found Qogova Lyoc's General Store.
 11988 | D:10     | Bought a scroll of identify for 30 gold pieces
 12057 | D:10     | Noticed a hill giant
 12071 | D:10     | Killed a hill giant
 12071 | D:10     | Reached skill level 10 in Transmutations
 12154 | D:10     | Noticed a hill giant
 12162 | D:10     | Killed a hill giant
 12162 | D:10     | Reached XP level 11. HP: 79/97 MP: 10/20
 12260 | D:10     | Noticed a hill giant
 12269 | D:10     | Killed a hill giant
 12936 | D:10     | Noticed an unseen horror
 12950 | D:10     | Killed an unseen horror
 13509 | D:11     | Noticed a skeletal warrior
 13509 | D:11     | Noticed a skeletal warrior
 13511 | D:11     | Noticed a skeletal warrior
 14201 | D:11     | Reached skill level 1 in Shields
 14517 | D:11     | Noticed Maurice
 14526 | D:11     | Noticed a hill giant
 14533 | D:11     | Killed a hill giant
 14586 | D:11     | Killed Maurice
 14744 | D:11     | Killed a skeletal warrior
 14753 | D:11     | Killed a skeletal warrior
 14753 | D:11     | Reached XP level 12. HP: 61/109 MP: 18/22
 16012 | D:12     | HP: 5/110 [troll (4)]
 16012 | D:12     | HP: 2/110 [troll (3)]
 16053 | D:11     | HP: 1/110 [orc/war axe of freezing (6)]
 16484 | D:12     | Found a staircase to the Orcish Mines.
 16546 | D:11     | Noticed a centaur warrior
 16552 | D:11     | Killed a centaur warrior
 17309 | D:12     | Noticed Josephine
 17591 | D:12     | Killed Josephine
 17592 | D:12     | Noticed Erolcha
 17899 | D:12     | Killed Erolcha
 18115 | D:12     | Found a roughly hewn altar of Beogh.
 18396 | D:12     | Cast into level 1 of the Abyss (orc priest)
 18464 | Abyss:1  | Gained mutation: You can use your snake-like lower body to constrict enemies. [Naga growth]
 18464 | Abyss:1  | Reached XP level 13. HP: 51/121 MP: 18/23
 18559 | Abyss:1  | Noticed a starcursed mass
 18566 | Abyss:1  | Noticed a starcursed mass
 18571 | Abyss:1  | Noticed a starcursed mass
 18571 | Abyss:1  | Paralysed by accursed screaming for 2 turns
 18576 | Abyss:1  | Paralysed by accursed screaming for 2 turns
 18577 | Abyss:1  | Slain by a starcursed mass

Skill      XL: |  1  2  3  4  5  6  7  8  9 10 11 12 |
---------------+-------------------------------------+-----
Transmutations | 3 4 5 6 8 9 10 11 12 | 12.1
Unarmed Combat | 4 5 6 8 9 10 11 12 | 12.2
Spellcasting   | 3 4 6 |  6.9
Fighting       | 3 5 7 9 |  9.1
Shields        | 2 4 |  4.9
Dodging        | |  1.5

Action                   |  1- 3 |  4- 6 |  7- 9 | 10-12 | 13-15 || total
-------------------------+-------+-------+-------+-------+-------++-------
Melee: Unarmed           |    98 |   159 |   332 |   621 |     6 ||  1216
       Headbutt          |     2 |       |       |       |       ||     2
       Punch             |       |     2 |    10 |    17 |       ||    29
 Cast: Beastly Appendage |     3 |       |       |       |       ||     3
       Sticks to Snakes  |     1 |       |    21 |    30 |       ||    52
       Spider Form       |     4 |    13 |    42 |    21 |       ||    80
       Blade Hands       |       |       |     3 |    52 |     1 ||    56
 Abil: Spit Poison       |    13 |    12 |     8 |     3 |       ||    36
Evoke: Wand              |       |       |       |     1 |       ||     1
  Use: Scroll            |     4 |       |     8 |    14 |     1 ||    27
       Potion            |       |     1 |     4 |     1 |     1 ||     7
 Stab: Distracted        |       |       |     1 |     1 |       ||     2
       Sleeping          |       |       |       |     1 |       ||     1
  Eat: Chunk             |     3 |     7 |    19 |    38 |     1 ||    68
       Fruit             |       |       |     1 |       |       ||     1
       Pizza             |       |       |       |     2 |       ||     2
       Royal jelly       |       |       |       |     1 |       ||     1
Armor: Robe              |    26 |    18 |    39 |   158 |       ||   241
       Skin              |     1 |     3 |     8 |     8 |       ||    20
       Troll leather arm |       |       |       |    14 |     4 ||    18
       Leather armour    |       |       |       |     4 |       ||     4
Dodge: Dodged            |    60 |   111 |   275 |   301 |     3 ||   750
Block: Other             |       |       |     5 |   146 |     1 ||   152
       Reflection        |       |       |       |    11 |       ||    11
